 Dungeon Crawl Stone Soup version 0.30-a0-534-gdc55766716 (webtiles) character file.

Game seed: 8474224464435501667

56 hikkokomori the Grasshopper (level 3, -1/19 HPs)
             Began as a Vine Stalker Warper on Dec 25, 2022.
             Succumbed to an adder's poison
             ... on level 2 of the Dungeon.
             The game lasted 00:02:08 (1156 turns).

hikkokomori the Grasshopper (Vine Stalker Warper)   Turns: 1156, Time: 00:02:09

Health: -1/19      AC:  3    Str: 13    XL:     3   Next: 97%
Magic:  0/8        EV: 11    Int: 13    God:
Gold:   62         SH:  0    Dex: 15    Spells: 7/7 levels left

rFire   . . .      SeeInvis .    a - +0 falchion
rCold   . . .      Faith    .    (no shield)
rNeg    . . .      Spirit   +    b - +0 leather armour
rPois   .          Reflect  .    (no helmet)
rElec   .          Harm     .    (no cloak)
rCorr   .          Rampage  .    (no gloves)
Will    .....                    (no boots)
Stlth   +                        (no amulet)
HPRegen 0.23/turn                (no ring)
MPRegen 0.11/turn                (no ring)

@: lethally poisoned (-1 -> -7), attractive
A: fangs 2, magic shield, antimagic bite, no potion heal 2
a: no special abilities


You were on level 2 of the Dungeon.
You visited 1 branch of the dungeon, and saw 2 of its levels.

You collected 62 gold pieces.

Inventory:

Hand Weapons
 a - a +0 falchion (weapon)
Missiles
 d - 7 boomerangs of dispersal (quivered)
 l - 2 throwing nets
Armour
 b - a +0 leather armour (worn)
 k - a +0 cloak
Jewellery
 j - a ring of magical power
Scrolls
 c - a scroll of blinking
 f - 3 scrolls of enchant weapon {unknown}
 g - a scroll of teleportation {unknown}
 h - 2 scrolls of vulnerability {unknown}
 m - a scroll of immolation {unknown}
Potions
 e - a potion of attraction
 i - a potion of cancellation {unknown}
 n - a potion of invisibility {unknown}


   Skills:
 + Level 2.3 Fighting
 + Level 2.3 Long Blades
 - Level 0.8 Throwing
 - Level 0.7 Armour
 - Level 1.5 Dodging
 + Level 2.9 Spellcasting
 + Level 3.4 Translocations


You had 7 spell levels left.
You didn't know any spells.
Your spell library contained the following spells:

 Spells                   Type           Power      Damage    Failure   Level
 Blink                    Tloc           20%        N/A       11%         2
 Lesser Beckoning         Tloc           20%        N/A       22%         3
 Teleport Other           Tloc           10%        N/A       22%         3
 Scorch                   Fire           2%         2d5       41%         2
 Vhi's Electric Charge    Tloc/Air       12%        N/A       41%         3
 Manifold Assault         Tloc           10%        N/A       56%         4
 Flame Wave               Conj/Fire      1%         2d4       96%         4
 Summon Cactus Giant      Summ           0%         N/A       100%        6


Dungeon Overview and Level Annotations

Branches:
Dungeon (2/15)

Altars:

Annotations:
D:2 Robin


Innate Abilities, Weirdness & Mutations

You have extremely sharp teeth.
When hurt, damage is shared between your health and your magic reserves.
Your bite disrupts and absorbs the magic of your enemies.
Potions cannot restore your health.


Message History

You hear a shout!
You miss the adder.
The adder is lightly wounded.
You hear a shout!
The adder bites you but does no damage. The adder bites you.
You are poisoned.
The adder poisons you!
You feel sick.
Unknown command.
You barely miss the adder. You bite the adder. You drain its power.
You feel invigorated.
The adder is heavily wounded.
You feel sick. The adder bites you but does no damage. The adder bites you.
Robin throws the goblin at you! The goblin closely misses you.
Unknown command.
You aren't carrying any items that you can evoke.
Unknown command.
You feel sick.
Robin roars a battlecry!
A hobgoblin comes into view.
The adder attacks as you move away! The adder barely misses you.
You feel sick. The goblin hits you with a +0 dagger.
The goblin attacks as you move away! The goblin hits you with a +0 dagger.
You feel sick.
You are no longer poisoned.
The adder bites you.
* * * LOW HITPOINT WARNING * * *
It was a potion of attraction.
You feel attractive to monsters. The adder misses you.
The goblin hits you with a +0 dagger.
* * * LOW HITPOINT WARNING * * *
The hobgoblin is attracted toward you. x2
The hobgoblin is attracted toward you. Robin throws the goblin at you!
The goblin closely misses you. The adder bites you.
* * * LOW HITPOINT WARNING * * *
The adder attacks as you move away! The adder bites you.
You are lethally poisoned!
The adder poisons you!
You die...

#.........###.#.# #.#
####.....## #.#.# #.#
#....## #.#.###.#
#.#.## #.......#
...#.# ###.#####
#####.# #.# . #+# #.#
.# #.# #.# ##@##
##... #.g.#####
#...#.
###.#.Sggg#####......
+...........§.>......
####......###.†......
##..#### #.).....#
##.# #.......# #.#
###...### #.# ...#


You could see an adder, a hobgoblin (strong) and a goblin (strong).

Vanquished Creatures
  A gnoll (D:1)
  An adder (D:2)
  An endoplasm (D:2)
  2 giant cockroaches (D:1)
  6 goblins
  8 hobgoblins
  A quokka (D:2)
  2 ball pythons (D:1)
  5 bats
  2 frilled lizards (D:1)
  5 kobolds
  A rat (D:2)
35 creatures vanquished.

Notes
Turn   | Place    | Note
-------+----------+-------------------------------------------
     0 | D:1      | hikkokomori the Vine Stalker Warper began the quest for the
                  | Orb.
     0 | D:1      | Reached XP level 1. HP: 11/11 MP: 4/4
    73 | D:1      | Reached XP level 2. HP: 15/15 MP: 6/6
   376 | D:1      | Reached XP level 3. HP: 16/18 MP: 7/7
  1138 | D:2      | Noticed Robin
  1156 | D:2      | Succumbed to an adder's poison

Illustrated notes

Levels and vault maps discovered:
D:1:      dpeg_arrival_morbid_curiosity, layout_loops_ring
D:2:      layout_loops_corners, minmay_randomly_rotated_circles, uniq_robin

Skill      XL: |  1 |
---------------+----+-----
Fighting       | 2 |  2.3
Long Blades    | 2 |  2.3
Throwing       | |  0.8
Armour         | |  0.7
Dodging        | |  1.5
Spellcasting   | |  2.9
Translocations | |  3.4

Action                   || total
-------------------------++-------
Melee: Falchion          ||   120
       Bite              ||    27
       Punch             ||     1
  Use: Potion            ||     1
 Stab: Sleeping          ||     1
Armor: Leather armour    ||    48
Dodge: Dodged            ||    94

Table legend: (Time is in decaauts)
 A = Elapsed time spent in this place.
 B = Non-inter-level travel time spent in this place.
 C = Inter-level travel time spent in this place.
 D = Time resting spent in this place.
 E = Time spent auto-exploring this place.
 F = Levels seen in this place.
 G = Mean time per level.
                   A        B        C        D        E       F      G
               +--------+--------+--------+--------+--------+-----+--------+
         Total |   1179 |   1139 |     40 |      0 |    822 |   2 |  589.5 |
       Dungeon |   1179 |   1139 |     40 |      0 |    822 |   2 |  589.5 |
               +--------+--------+--------+--------+--------+-----+--------+

Top non-repeatable levels by time:
     D:1: 743 daAuts
     D:2: 435 daAuts
